 Dungeon Crawl Stone Soup version 0.27-a0-909-g0721f309d1 (webtiles) character file.

Game seed: 17250418262956985469

447 robertstho the Sneak (level 7, 0/49 HPs)
             Began as an Octopode Berserker on Apr 8, 2021.
             Was a Priest of Trog.
             Killed by divine providence
             ... invoked by an orc priest
              (12 damage)
             ... on level 5 of the Dungeon.
             The game lasted 00:04:04 (4381 turns).

robertstho the Sneak (Octopode Berserker)           Turns: 4381, Time: 00:04:05

Health: 0/49       AC:  1    Str: 18    XL:     7   Next: 3%
Magic:  7/7        EV: 14    Int: 10    God:    Trog [***...]
Gold:   208        SH:  0    Dex: 11    Spells: 6/6 levels left

rFire    . . .     SeeInvis .   a - +0 hand axe
rCold    . . .     Faith    .   (no shield)
rNeg     . . .     Spirit   .   (helmet restricted)
rPois    .         Reflect  .   (no amulet)
rElec    .         Harm     .   (no ring)
rCorr    .         Rampage  .   (no ring)
Will     .....                  (no ring)
Stlth    ++++......             (no ring)
HPRegen  0.16/turn              (no ring)
MPRegen  0.10/turn              (no ring)
                                (no ring)
                                (no ring)

@: no status effects
A: almost no armour, amphibious, 8 rings, camouflage 1, gelatinous body 1,
(nimble swimmer 1), tentacles
a: Renounce Religion, Berserk, Trog's Hand


You were on level 5 of the Dungeon.
You worshipped Trog.
Trog was most pleased with you.
You visited 1 branch of the dungeon, and saw 5 of its levels.

You collected 208 gold pieces.

Inventory:

Hand Weapons
 a - a +0 hand axe (weapon)
Scrolls
 b - a scroll of fear
 f - 2 scrolls of teleportation {unknown}
 g - a scroll of vulnerability {unknown}
 h - a scroll of summoning {unknown}
 m - a scroll of enchant weapon {unknown}
 n - a scroll of blinking {unknown}
Potions
 c - a potion of ambrosia
 d - 2 potions of curing {unknown}
 e - 2 potions of lignification
 i - a potion of mutation {unknown}
 j - a potion of magic {unknown}
 k - a potion of resistance


   Skills:
 * Level 4.6 Fighting
 + Level 4.9 Axes
 + Level 3.9 Dodging
 * Level 5.2 Stealth


You had 6 spell levels left.
You didn't know any spells.
Your spell library was empty.

Dungeon Overview and Level Annotations

Branches:
Dungeon (5/15)
 Temple: D:4-7

Altars:
Qazlal

Shops:
D:2 [

Annotations:
D:2 203 hat


Innate Abilities, Weirdness & Mutations

You cannot wear most types of armour.
You are amphibious.
You can wear up to eight rings at the same time.
Your skin changes colour to match your surroundings (Stealth+).
Your rubbery body absorbs attacks. (AC +1, EV +1)
((You are camouflaged near water. (Stealth+)))
You have tentacles for arms and can constrict up to eight enemies at once.


Message History

No target in view!
Done exploring.
Done exploring.
Done exploring.
Done exploring.
Done exploring.
Done exploring.
No target in view!
Done exploring.
Done exploring.
As you read the scroll of identify, it crumbles to dust.
k - a potion of resistance You aren't carrying any pieces of jewellery.
(D) Dungeon
Where to? (Enter - D:4, ? - help)
You see here a +0 leather armour.
There is a stone staircase leading down here.
You climb downwards.
An orc priest comes into view. It is wielding a +0 club.
There is a stone staircase leading up here.
An orc priest is nearby!
An orc comes into view. It is wielding a +0 war axe.
The orc priest shouts!
You hear a shout!
An orc comes into view. It is wielding a +0 flail.
An orc priest comes into view. It is wielding a +0 short sword.
The orc priest calls down the wrath of Beogh upon you.
Beogh smites you!
The orc shouts!
The orc priest shouts!
You hit the orc. You grab the orc.
The orc is heavily wounded.
You constrict the orc.
The orc priest invokes the aid of Beogh against you.
Beogh smites you!
The orc priest calls down the wrath of Beogh upon you.
Beogh smites you!
* * * LOW HITPOINT WARNING * * *
The orc priest invokes the aid of Beogh against you.
Beogh smites you!
You die...

### #.. #.##
#..##########
##....@ooo..o.
#.##.....########
#...<....#
#.##.....# #
##...## #.....
#######


You could see 2 orc priests and 2 orcs.

Vanquished Creatures
  An ogre (D:4)
  A water moccasin skeleton (D:4)
  An orc priest (D:3)
  3 iguanas (D:4)
  Terence (D:3)
  A hound skeleton (D:4)
  Robin (D:2)
  6 adders
  2 worms
  2 dart slugs
  7 orcs
  6 ball pythons
  6 bats
  8 endoplasms
  7 giant cockroaches
  13 goblins
  8 hobgoblins
  4 kobolds
  3 quokkas
  6 frilled lizards
  7 rats
94 creatures vanquished.

Vanquished Creatures (others)
  A goblin (D:2)
  A plant (D:2)
2 creatures vanquished.

Grand Total: 96 creatures vanquished

Notes
Turn   | Place    | Note
-------+----------+-------------------------------------------
     0 | D:1      | robertstho the Octopode Berserker began the quest for the
                  | Orb.
     0 | D:1      | Reached XP level 1. HP: 16/16 MP: 1/1
   283 | D:1      | Reached XP level 2. HP: 21/21 MP: 2/2
   656 | D:1      | Reached XP level 3. HP: 19/26 MP: 3/3
   937 | D:1      | Reached ** piety under Trog
  1087 | D:2      | Identified the +0 helmet of Wekow {Fly rF+ rN+}
  1087 | D:2      | Noticed Robin
  1103 | D:2      | Killed Robin
  1104 | D:2      | Reached skill level 1 in Stealth
  1104 | D:2      | Reached XP level 4. HP: 17/32 MP: 4/4
  1459 | D:2      | Found Ogiomud's Antique Armour Boutique.
  2303 | D:3      | Reached skill level 2 in Stealth
  2303 | D:3      | Reached XP level 5. HP: 37/37 MP: 5/5
  2434 | D:3      | Found a stormy altar of Qazlal.
  2471 | D:3      | Noticed Terence
  2480 | D:3      | Killed Terence
  2481 | D:3      | Reached skill level 3 in Stealth
  2945 | D:4      | Reached *** piety under Trog
  3164 | D:4      | Reached XP level 6. HP: 43/43 MP: 6/6
  3256 | D:4      | Reached skill level 4 in Stealth
  3919 | D:4      | Reached skill level 5 in Stealth
  4163 | D:4      | Reached XP level 7. HP: 32/49 MP: 7/7
  4375 | D:5      | Entered Level 5 of the Dungeon
  4381 | D:5      | Killed from afar by an orc priest

Illustrated notes

Levels and vault maps discovered:
D:1:      evilmike_arrival_rings, layout_basic, st_stairs_3,
          minmay_worlds_worst_comb
D:2:      layout_loops_ring, serial_shops, nicolae_shop_overgrown_old_shop,
          minmay_fractal_squares_5, uniq_robin
D:3:      layout_loops_cross, lemuel_tele_altar, uniq_terence
D:4:      layout_cave_pods
D:5:      layout_loops_ring, chequers_serial_rivers_marsh, minmay_bent

Skill      XL: |  1  2  3  4  5  6 |
---------------+-------------------+-----
Stealth        | 1 2 3 5 |  5.2
Axes           | 4 |  4.9
Fighting       | 4 |  4.6
Dodging        | |  3.9

Action                   |  1- 3 |  4- 6 |  7- 9 || total
-------------------------+-------+-------+-------++-------
Melee: Hand axe          |    51 |   113 |     3 ||   167
       Constrict         |    18 |    24 |     2 ||    44
       Tentacles         |     9 |    22 |     1 ||    32
Invok: Berserk           |     1 |     3 |       ||     4
  Use: Scroll            |       |     3 |     1 ||     4
 Stab: Sleeping          |     4 |    15 |     1 ||    20
Armor: Skin              |     1 |     7 |       ||     8
Dodge: Dodged            |    27 |    62 |     1 ||    90

Table legend: (Time is in decaauts)
 A = Elapsed time spent in this place.
 B = Non-inter-level travel time spent in this place.
 C = Inter-level travel time spent in this place.
 D = Time resting spent in this place.
 E = Time spent auto-exploring this place.
 F = Levels seen in this place.
 G = Mean time per level.
                   A        B        C        D        E       F      G
               +--------+--------+--------+--------+--------+-----+--------+
         Total |   4430 |   4308 |    122 |    621 |   3188 |   5 |  886.0 |
       Dungeon |   4430 |   4308 |    122 |    621 |   3188 |   5 |  886.0 |
               +--------+--------+--------+--------+--------+-----+--------+

Top non-repeatable levels by time:
     D:1: 1322 daAuts
     D:4: 1263 daAuts
     D:3: 1082 daAuts
     D:2: 755 daAuts
     D:5: 5 daAuts
